 Dungeon Crawl Stone Soup version 0.26-a0-660-gc07710193c (webtiles) character file.

Game seed: 1687386139045075213

196 polo the Chiller (level 5, -10/31 HPs)
             Began as an Octopode Ice Elementalist on Oct 5, 2020.
             Was an Initiate of Gozag.
             Killed by nerve-wracking pain
             ... invoked by Grinder
              (13 damage)
             ... while paralysed by Grinder
             ... on level 3 of the Dungeon.
             The game lasted 00:03:28 (3832 turns).

polo the Chiller (Octopode Ice Elementalist)        Turns: 3832, Time: 00:03:28

Health: -10/31     AC:  8    Str:  7    XL:     5   Next: 74%
Magic:  4/10       EV:  2    Int: 19    God:    Gozag
Gold:   275        SH:  0    Dex: 12    Spells: 3/10 levels left

rFire    . . .     SeeInvis .   a - +1 war axe (elec)
rCold    . . .     Faith    .   (no shield)
rNeg     . . .     Spirit   .   (helmet restricted)
rPois    .         Reflect  .   (no amulet)
rElec    .         Harm     .   (no ring)
rCorr    .         Rampage  .   (no ring)
MR       .....                  (no ring)
Stlth    +++.......             (no ring)
HPRegen  0.10/turn              (no ring)
MPRegen  0.12/turn              (no ring)
                                (no ring)
                                (no ring)

@: paralysed, icy armour, frozen ramparts
A: almost no armour, stealthy swim, amphibious, 8 rings, constrict 8, camouflage
1, gelatinous body 1
a: Potion Petition, Call Merchant, Bribe Branch, Renounce Religion


You were on level 3 of the Dungeon.
You worshipped Gozag.
Gozag was aware of your devotion.
You visited 1 branch of the dungeon, and saw 3 of its levels.

You collected 313 gold pieces.
You paid 38 gold pieces to Gozag.

Inventory:

Hand Weapons
 a - a +1 war axe of electrocution (weapon)
Scrolls
 c - a scroll of identify {unknown}
 d - a scroll of fear {unknown}
 e - 3 scrolls of teleportation {unknown}
 g - a scroll of magic mapping {unknown}
 h - 4 scrolls of immolation {unknown}
 i - a scroll of noise {unknown}
 j - 3 scrolls of remove curse {unknown}
 l - a scroll of amnesia {unknown}
Potions
 b - a potion of lignification {unknown}
 f - 2 potions of heal wounds {unknown}
 k - a potion of haste {unknown}
 m - 2 potions of brilliance {unknown}


   Skills:
 - Level 2.0 Dodging
 - Level 2.6 Stealth
 + Level 3.4 Spellcasting
 * Level 6.0 Ice Magic


You had 3 spell levels left.
You knew the following spells:

 Your Spells              Type           Power        Failure   Level
a - Freeze                Ice            ####         1%          1
b - Frozen Ramparts       Ice            ####..       3%          3
c - Ozocubu's Armour      Ice            ####....     3%          3

Your spell library contained the following spells:

 Spells                   Type           Power        Failure   Level
 Hailstorm                Conj/Ice       ##......     38%         4
 Summon Ice Beast         Ice/Summ       ##......     38%         4


Dungeon Overview and Level Annotations

Branches:
Dungeon (3/15)

Altars:
Dithmenos
Gozag
Nemelex Xobeh
Vehumet

Annotations:
D:3 Grinder


Innate Abilities, Weirdness & Mutations

You cannot wear most types of armour.
You are very stealthy in the water. (Stealth+)
You are amphibious.
You can wear up to eight rings at the same time.
You can use your tentacles to constrict eight enemies at once.
Your skin changes colour to match your surroundings (Stealth+).
Your rubbery body absorbs attacks. (AC +1, EV +1)


Message History

Grinder completely resists.
The wall freezes Grinder but do no damage.
Grinder hits you!
You writhe in agony.
Casting: Frozen Ramparts (dangerous; 3% risk of failure)
Confirm with . or Enter, or press ? or * to list all spells.
A film of ice covers your body!
Grinder resists.
The wall freezes Grinder.
Grinder says, "Are you a fish?" Grinder gestures at you.
You suddenly lose the ability to move!
Grinder resists.
The wall freezes Grinder.
Grinder hits you.
You writhe in agony.
Grinder resists.
The wall freezes Grinder.
Grinder hits you!
* * * LOW HITPOINT WARNING * * *
You writhe in agony.
* * * LOW HITPOINT WARNING * * *
Grinder resists.
The wall freezes Grinder.
Grinder blinks!
Grinder gestures at you. Pain shoots through your body!
You die...
Your body crumbles into a pile of gold.

#### ###########...
........#....# ###
..........#..# #.#
##....#.###..###.#
.................#
##.##.#.###..###.#
......#.# #..# #ยง#
......#.# #..# #@#
......#[# #..# #.#
.#....#.###..# ...
.......).....#.#.##
......#.###.##.#..
$ ......#.# #.##
#.5 .#......###.##
#.# .#.#.........#
#.. ..>...########


You could see Grinder.

Vanquished Creatures
  An ogre (D:2)
  2 adders (D:2)
  3 oozes (D:1)
  3 worms
  A dart slug (D:1)
  7 orcs (D:3)
  A ball python (D:2)
  5 bats
  5 giant cockroaches
  9 hobgoblins
  3 quokkas (D:3)
  4 frilled lizards
  5 goblins
  7 kobolds
  4 rats
60 creatures vanquished.

Notes
Turn   | Place    | Note
-------+----------+-------------------------------------------
     0 | D:1      | polo the Octopode Ice Elementalist began the quest for the
                  | Orb.
     0 | D:1      | Reached XP level 1. HP: 11/11 MP: 3/3
   247 | D:1      | Reached XP level 2. HP: 17/17 MP: 3/5
   809 | D:1      | Reached XP level 3. HP: 21/21 MP: 6/6
   819 | D:1      | Learned a level 3 spell: Frozen Ramparts
  1798 | D:2      | Learned a level 3 spell: Ozocubu's Armour
  1837 | D:2      | Reached skill level 5 in Ice Magic
  1837 | D:2      | Reached XP level 4. HP: 23/27 MP: 3/8
  1944 | D:2      | Noticed an ogre
  1971 | D:2      | Killed an ogre
  1971 | D:2      | Reached XP level 5. HP: 31/31 MP: 1/9
  2083 | D:2      | Found an opulent altar of Gozag.
  2385 | D:2      | Became a worshipper of Gozag Ym Sagoz the Greedy
  2931 | D:3      | Found a shadowy altar of Dithmenos.
  3460 | D:3      | Found a radiant altar of Vehumet.
  3515 | D:3      | Found a sparkling altar of Nemelex Xobeh.
  3555 | D:3      | Reached skill level 6 in Ice Magic
  3822 | D:3      | Noticed Grinder
  3828 | D:3      | Paralysed by Grinder for 5 turns
  3832 | D:3      | Killed from afar by Grinder

Illustrated notes

Levels and vault maps discovered:
D:1:      psy_arrival_conway, layout_loops_ring
D:2:      layout_basic, nicolae_overflow_crystal_walls
D:3:      layout_basic, grunt_temple_overflow_open,
          grunt_dithmenos_smoke_and_mirrors, uniq_grinder

Skill      XL: |  1  2  3  4  5 |
---------------+----------------+-----
Ice Magic      | 5 6 |  6.0
Spellcasting   | 3 |  3.4
Dodging        | |  2.0
Stealth        | |  2.6

Action                   |  1- 3 |  4- 6 || total
-------------------------+-------+-------++-------
Melee: Unarmed           |     3 |       ||     3
       Tentacles         |     7 |     9 ||    16
       Whip              |    44 |    15 ||    59
       Constrict         |     8 |    14 ||    22
       Short sword       |       |    29 ||    29
       War axe           |       |    16 ||    16
 Cast: Freeze            |     9 |       ||     9
       Frozen Ramparts   |     3 |     8 ||    11
       Ozocubu's Armour  |       |     1 ||     1
 Stab: Sleeping          |     9 |     6 ||    15
Armor: Skin              |     3 |     6 ||     9
Dodge: Dodged            |    27 |    36 ||    63

Table legend: (Time is in decaauts)
 A = Elapsed time spent in this place.
 B = Non-inter-level travel time spent in this place.
 C = Inter-level travel time spent in this place.
 D = Time resting spent in this place.
 E = Time spent auto-exploring this place.
 F = Levels seen in this place.
 G = Mean time per level.
                   A        B        C        D        E       F      G
               +--------+--------+--------+--------+--------+-----+--------+
         Total |   3848 |   3590 |    258 |    340 |   2741 |   3 | 1282.7 |
       Dungeon |   3848 |   3590 |    258 |    340 |   2741 |   3 | 1282.7 |
               +--------+--------+--------+--------+--------+-----+--------+

Top non-repeatable levels by time:
     D:2: 1573 daAuts
     D:1: 1325 daAuts
     D:3: 949 daAuts
